 Dungeon Crawl Stone Soup version 0.31.0-32-g396128a36d (webtiles) character file.

Game seed: 11686446332387248117

44 Peloso the Covered (level 3, -7/33 HPs)
             Began as a Minotaur Fighter on Apr 1, 2024.
             Mangled by a kobold
             ... wielding a +2 short sword of electrocution
              (18 damage)
             ... on level 1 of the Dungeon.
             The game lasted 00:01:50 (546 turns).

Peloso the Covered (Minotaur Fighter)                Turns: 546, Time: 00:01:51

Health: -7/33      AC:  7    Str: 20    XL:     3   Next: 41%
Magic:  2/2        EV:  8    Int:  5    God:
Gold:   0          SH:  8    Dex: 11    Spells: 2/2 levels left

rFire   . . .        a - +0 long sword
rCold   . . .        d - +0 kite shield
rNeg    . . .        b - +0 scale mail
rPois   .            (helmet restricted)
rElec   .            (no cloak)
rCorr   .            (no gloves)
SInv    .            (no boots)
Will    .....        (no amulet) Stlth
                     (no ring)
HPRegen 0.25/turn    (no ring)
MPRegen 0.08/turn

%: no passive effects
@: no status effects
A: horns 2, retaliatory headbutt
a: no special abilities


You were on level 1 of the Dungeon.
You visited 1 branch of the dungeon, and saw 1 of its levels.

Inventory:

Hand Weapons
 a - a +0 long sword (weapon)
Armour
 b - a +0 scale mail (worn)
 c - a +0 buckler
 d - a +0 kite shield (worn)
Scrolls
 g - a scroll of butterflies {unknown}
Potions
 e - a potion of might
 f - a potion of curing {unknown}


   Skills:
 + Level 4.1 Fighting
 + Level 3.0 Long Blades
 + Level 4.3 Armour
 + Level 0.4 Dodging
 + Level 4.0 Shields


You had 2 spell levels left.
You didn't know any spells.
Your spell library contained the following spells:

 Spells                   Type           Power      Damage    Failure   Level
 Apportation              Tloc           0%         N/A       98%         1
 Jinxbite                 Hex            0%         N/A       99%         2
 Alistair's Intoxication  Alch           0%         N/A       100%        5


Dungeon Overview and Level Annotations

Branches:
Dungeon (1/15)

Altars:


Innate Abilities, Weirdness & Mutations

You have a pair of horns on your head.
You reflexively headbutt those who attack you in melee.


Message History

You hit the rat but do no damage. You headbutt the rat.
The rat is heavily wounded.
The kobold hits you with a +2 short sword of electrocution.
The rat bites you. The rat bites you but does no damage.
You hit the rat.
You kill the rat!
The endoplasm jiggles.
The kobold hits you with a +2 short sword of electrocution.
You are electrocuted!
You block the rat's attack. The kobold hits you with a +0 dagger.
The rat bites you but does no damage. You block the kobold's attack.
You block the kobold's attack. You block the rat's attack.
The kobold throws a stone.
The stone closely misses you. The rat attacks as it pursues you!
The rat bites you.
You slash the kobold!
You kill the kobold!
Your Shields skill increases to level 4!
You hit the rat but do no damage. You headbutt the rat.
You kill the rat!
The kobold throws a stone.
The stone barely misses you.
You hit the endoplasm.
The endoplasm is lightly wounded.
The endoplasm freezes you.
You are frozen.
You slash the endoplasm!
You kill the endoplasm!
The kobold throws a stone.
You block the stone. The kobold completely misses you.
Things that are here:
a +0 dagger; a kobold corpse The kobold hits you but does no damage.
You barely miss the kobold. Your headbutt misses the kobold.
The kobold hits you with a +2 short sword of electrocution.
You block the kobold's attack.
You barely miss the kobold. The kobold hits you but does no damage.
You closely miss the kobold.
The kobold hits you with a +2 short sword of electrocution.
You are electrocuted!!
Ouch! That really hurt!
You die...

.# #..## ....... ... ..
.###..##. #..... #.. #..
......##..#..... #.###.#
......##........#.#...#
.............. #)##...##.
.###..##..#...#.#.......#
.# #..##....##.##....#..#
.# #..# #...#$#).........
.###.####.#.###K@#######.
..........#.....##
.########.##.#..#####
...# #............ .#.#
#............ .#.#
#............# ...#
#............# .#.#
#.#..######### .#'###
#............


You could see a kobold.

Vanquished Creatures
  2 bats (D:1)
  4 endoplasms (D:1)
  2 giant cockroaches (D:1)
  4 goblins (D:1)
  A hobgoblin (D:1)
  8 jackals (D:1)
  2 kobolds (D:1)
  3 quokkas (D:1)
  5 ball pythons (D:1)
  A frilled lizard (D:1)
  5 rats (D:1)
37 creatures vanquished.

Notes
Turn   | Place    | Note
-------+----------+-------------------------------------------
     0 | D:1      | Peloso the Minotaur Fighter began the quest for the Orb.
     0 | D:1      | Reached XP level 1. HP: 19/19 MP: 0/0
    31 | D:1      | Reached XP level 2. HP: 16/27 MP: 1/1
   291 | D:1      | Reached XP level 3. HP: 25/33 MP: 2/2
   546 | D:1      | Mangled by a kobold

Illustrated notes

Levels and vault maps discovered:
D:1:      saegor_arrival_simple_c, layout_basic, minmay_vboxes

Skill      XL: |  1  2  3 |
---------------+----------+-----
Armour         | 4 |  4.3
Fighting       | 4 |  4.1
Long Blades    | 3 |  3.0
Shields        | 4 |  4.0
Dodging        | |  0.4

Action                     || total
---------------------------++-------
  Melee: Long sword        ||    90
         Headbutt          ||    12
 Armour: Scale mail        ||    82
  Dodge: Dodged            ||    48
  Block: Buckler           ||     4
         Kite shield       ||    39
